 Dungeon Crawl Stone Soup version 0.29.1-1-gd02db6906a (webtiles) character file.

Game seed: 5597321455994732205

2183 Leon the Cleaver (level 9, 0/78 HPs)
             Began as a Hill Orc Fighter on Sept 26, 2022.
             Was a Believer of Beogh.
             Slain by an eight-headed hydra (7 damage)
             ... on level 6 of the Dungeon.
             The game lasted 00:18:12 (5530 turns).

Leon the Cleaver (Hill Orc Fighter)                 Turns: 5530, Time: 00:18:12

Health: 0/78       AC:  9    Str: 23    XL:     9   Next: 33%
Magic:  12/12      EV:  9    Int:  8    God:    Beogh [**....]
Gold:   343        SH:  5    Dex: 10    Spells: 8/8 levels left

rFire   + . .      SeeInvis +   G - +4 hand axe
rCold   . . .      Faith    .   c - +0 buckler
rNeg    . . .      Spirit   .   g - +0 scale mail
rPois   .          Reflect  .   (no helmet)
rElec   .          Harm     .   C - +0 cloak
rCorr   .          Rampage  .   (no gloves)
Will    .....                   (no boots)
Stlth   ..........              o - amulet of regeneration
HPRegen 1.03/turn               z - ring of see invisible
MPRegen 0.13/turn               J - ring of protection from fire

@: studying Staves
A: no striking features
a: Renounce Religion, Smiting


You were on level 6 of the Dungeon.
You worshipped Beogh.
Beogh was pleased with you.
You visited 1 branch of the dungeon, and saw 7 of its levels.

You collected 343 gold pieces.

Inventory:

Hand Weapons
 a - a +0 war axe
 b - a +1 whip of electrocution
   (You found it on level 1 of the Dungeon)
 G - a +4 hand axe (weapon)
   (You took it off a wight on level 4 of the Dungeon)
 I - a +0 sling
   (You found it on level 6 of the Dungeon)
Missiles
 s - 3 boomerangs
 w - 3 poisoned darts (quivered)
Armour
 c - a +0 buckler (worn)
 g - a +0 scale mail (worn)
 C - a +0 cloak (worn)
   (You found it on level 5 of the Dungeon)
Jewellery
 o - an amulet of regeneration (around neck)
   (You found it on level 2 of the Dungeon)
 z - a ring of see invisible (left hand)
   (You found it on level 4 of the Dungeon)
 B - the amulet "Jotsoh" {Harm rPois rN+ Regen+ MP-9}
   (You found it on level 5 of the Dungeon)

   [amulet of regeneration]

   rPois:     It protects you from poison.
   rN:        It protects you from negative energy.
   MP:        It affects your magic capacity (-9).
   Regen:     It increases your rate of health regeneration.
   Harm:      It increases damage dealt and taken.
 J - a ring of protection from fire (right hand)
   (You found it on level 7 of the Dungeon)
Wands
 v - a wand of charming (1)
   (You found it on level 4 of the Dungeon)
 x - a wand of iceblast (4)
   (You took it off a kobold on level 4 of the Dungeon)
 H - a wand of flame (6)
   (You found it on level 5 of the Dungeon)
Scrolls
 j - 8 scrolls of identify {unknown}
 k - 2 scrolls of enchant weapon {unknown}
 l - 2 scrolls of poison {unknown}
 n - a scroll of magic mapping {unknown}
 u - a scroll of butterflies {unknown}
 y - a scroll of enchant armour {unknown}
 A - a scroll of immolation {unknown}
 D - a scroll of summoning {unknown}
 E - a scroll of amnesia {unknown}
 F - a scroll of torment {unknown}
 K - a scroll of fear {unknown}
Potions
 d - a potion of might
 e - a potion of lignification {unknown}
 f - a potion of ambrosia {unknown}
 h - a potion of flight {unknown}
 i - a potion of resistance {unknown}
 m - 2 potions of curing {unknown}
 p - 3 potions of berserk rage {unknown}
 q - a potion of degeneration {unknown}
 t - a potion of heal wounds


   Skills:
 + Level 6.9 Fighting
 + Level 11.0 Axes
 + Level 6.3 Armour
 + Level 5.3 Shields
 + Level 4.7 Invocations


You had 8 spell levels left.
You didn't know any spells.
Your spell library contained the following spells:

 Spells                   Type           Power      Damage    Failure   Level
 Apportation              Tloc           0%         N/A       78%         1
 Necrotise                Necr           0%         1d4       78%         1
 Summon Small Mammal      Summ           0%         N/A       78%         1
 Sublimation of Blood     Necr           0%         N/A       89%         2
 Wereblood                Tmut           0%         N/A       89%         2
 Mephitic Cloud           Conj/Pois/Air  0%         N/A       98%         3
 Vampiric Draining        Necr           0%         2d6       98%         3
 Agony                    Necr           0%         N/A       100%        5
 Malign Gateway           Summ/Tloc      0%         N/A       100%        7
 Summon Hydra             Summ           0%         N/A       100%        7
 Borgnjor's Revivificati  Necr           0%         N/A       100%        8
 Necromutation            Tmut/Necr      0%         N/A       100%        8
 Death's Door             Necr           0%         N/A       100%        9


Dungeon Overview and Level Annotations

Branches:
Dungeon (7/15)             Temple (0/1) D:4

Altars:
Dithmenos
Elyvilon
Qazlal
Trog
Zin

Annotations:
D:5 exclusion: downstairs


Message History

The hound is severely wounded.
The hound barely misses you.
You closely miss the hound.
The hound is severely wounded.
The hound bites you but does no damage. You block the hound's attack.
You hit the hound.
You kill the hound!
Beogh accepts your kill.
No target in view!
No target in view!
You see here a hound corpse.
There is a stone staircase leading down here.
You now have 311 gold pieces (gained 7).
You see here a +0 falchion.
Found a stormy altar of Qazlal.
There is an open door here.
Found a white marble altar of Elyvilon.
Done exploring.
Done exploring.
There is an open door here.
There is a stone staircase leading down here.
You climb downwards.
The adder hisses angrily.
There is a stone staircase leading up here.
You barely miss the adder. The adder barely misses you.
You miss the adder. The adder barely misses you.
You barely miss the adder. The adder misses you.
You hit the adder.
The adder is moderately wounded.
The adder bites you but does no damage.
You hit the adder.
The adder is severely wounded.
The adder closely misses you.
You hit the adder.
You kill the adder!
Beogh accepts your kill.
No target in view!
No target in view!
No target in view!
A necrophage comes into view.
You barely miss the necrophage.
The necrophage hits you but does no damage.
You barely miss the necrophage.
The necrophage hits you but does no damage.
You barely miss the necrophage.
The necrophage hits you but does no damage.
You closely miss the necrophage. You block the necrophage's attack.
You slash the necrophage!
The necrophage is moderately damaged.
The necrophage hits you but does no damage.
You hit the necrophage but do no damage.
The necrophage is moderately damaged.
You hit the necrophage.
The necrophage is heavily damaged.
The necrophage closely misses you.
You hit the necrophage.
The necrophage is severely damaged.
You block the necrophage's attack.
You closely miss the necrophage.
The necrophage is severely damaged.
The necrophage barely misses you.
You barely miss the necrophage.
The necrophage is severely damaged.
You block the necrophage's attack.
You slash the necrophage!
The necrophage is almost destroyed.
The necrophage hits you.
You hit the necrophage.
You destroy the necrophage!
Beogh accepts your kill.
Your Invocations skill increases to level 2!
No target in view!
HP restored.
A troll and an iguana come into view.
The troll shouts!
The iguana hisses angrily.
You hear an angry hiss. x2
You hear a shout!
You hear an angry hiss.
There are monsters nearby!
Aiming: Charm
Press: ? - help, Shift-Dir - straight line, f - troll
Aim: a troll (chance to affect: 49%)
The troll is charmed.
The iguana bites your troll.
An iguana comes into view.
The iguana hisses angrily.
You hear an angry hiss.
You hear a roar!
An adder comes into view.
What are your orders? t - Shout!
Orders for allies: a - Attack new target. p - Attack previous target. r - Retreat! s - Stop attacking. g - Guard the area. f - Follow me.
Anything else - Cancel.
Gang up on whom?
Press: ? - help, Dir - move target, f - iguana, p - troll
Aim: an iguana Attack!
A six-headed hydra comes into view.
The iguana bites you but does no damage.
Your troll bites the iguana!
Your troll claws the iguana!
The iguana dies!
Beogh accepts your kill. What are your orders? t - Shout!
Orders for allies: a - Attack new target. r - Retreat! s - Stop attacking. g - Guard the area. f - Follow me.
Anything else - Cancel.
Gang up on whom?
Press: ? - help, Dir - move target
Okay, then.
Your troll misses the iguana.
Your troll claws the iguana. x2
The iguana barely misses your troll.
Your troll barely misses something.
Your troll claws something but does no damage.
Your troll claws something.
Something bites your troll.
Your troll misses something.
Your troll claws something but does no damage.
Your troll claws something!
Something bites your troll!
Your troll bites something.
Your troll claws something!
Beogh accepts your kill.
You feel a bit more experienced.
Your troll bites something.
Your troll claws something.
Your troll claws something!
Your troll bites something!
Your troll claws something.
Your troll claws something!
The adder barely misses your troll. Something closely misses your troll.
Something bites your troll. Something misses your troll.
Something bites your troll. x3; Something bites your troll!
Something closely misses your troll.
Your troll bites something!
Your troll claws something!
Your troll claws something.
A steam dragon comes into view.
The adder closely misses your troll. Something bites your troll.
Something bites your troll!
Your troll dies!
The troll leather armour is intact enough to wear.
You hear a roar!
There is a stone staircase leading up here.
Okay, then.
Unknown command.
You climb upwards.
There is a stone staircase leading down here.
There is a stone staircase leading down here.
You climb downwards.
Found a stone staircase leading down.
There is a stone staircase leading up here.
Okay, then.
There is a stone staircase leading down here.
You climb downwards.
The gnoll sergeant shouts!
The gnoll shouts! x3; You hear an angry hiss.
Found a scroll labelled VUROFFEMAYD.
There is a stone staircase leading up here.
The gnoll hits you from afar with a +0 spear.
The gnoll hits you with a +0 flail.
You climb upwards.
An ogre comes into view. It is wielding a +0 giant club.
There is a stone staircase leading down here.
You barely miss the gnoll. The gnoll attacks as you move away!
You block the gnoll's attack. The gnoll attacks as you move away!
The gnoll barely misses you.
There is a stone staircase leading up here.
You block the gnoll's attack.
You climb upwards.
There is a stone staircase leading down here.
You closely miss the gnoll. The gnoll barely misses you.
You barely miss the gnoll. The gnoll hits you with a +0 flail!
You slash the gnoll!
The gnoll is severely wounded.
The gnoll misses you.
You slash the gnoll!
You kill the gnoll!
Beogh accepts your kill.
No target in view!
No target in view!
No target in view!
No target in view!
No target in view!
No target in view!
No target in view!
No target in view!
No target in view!
No target in view!
No target in view!
No target in view!
Things that are here:
a +0 flail; a gnoll corpse Unknown command.
HP restored.
There is a stone staircase leading down here.
Unknown command.
You climb downwards.
Found a manual of Staves and 7 gold pieces.
There is a stone staircase leading up here.
You hit the orc.
The orc is heavily wounded.
The orc hits you but does no damage.
You hit the orc.
You kill the orc!
Beogh accepts your kill.
No target in view!
Things that are here:
a +0 short sword; an orc corpse A hound comes into view.
The hound barks!
The hound attacks as you move away! The hound bites you but does no damage.
Things that are here:
a +0 short sword; an orc corpse The hound misses you.
There is a stone staircase leading up here.
You barely miss the hound. The hound bites you but does no damage.
You slash the hound!
The hound is heavily wounded.
The hound barely misses you.
The adder hisses angrily.
You hit the hound.
The hound is severely wounded.
The hound bites you but does no damage.
You slash the hound!
You kill the hound!
Beogh accepts your kill.
Your Shields skill increases to level 4!
The adder bites you but does no damage.
You climb upwards.
Level annotation: exclusion: downstairs
There is a stone staircase leading down here.
You barely miss the adder. The adder bites you but does no damage.
You closely miss the adder. The adder bites you but does no damage.
You hit the adder.
The adder is lightly wounded.
The adder barely misses you.
You completely miss the adder.
The adder is lightly wounded.
The adder misses you.
You closely miss the adder.
The adder is lightly wounded.
You block the adder's attack.
You slash the adder!
You kill the adder!
Beogh accepts your kill.
No target in view!
No target in view!
You climb downwards.
There is a stone staircase leading up here.
Things that are here:
a +0 short sword; an orc corpse You pick up a manual of Staves and begin studying.
Things that are here:
a +0 short sword; an orc corpse
There is a stone staircase leading up here.
Unknown command.
You now have 318 gold pieces (gained 7).
You open the door.
Found a sling.
There is an open door here.
You close the door.
Found a scroll labelled WOEDGH FIOHO.
j - 8 scrolls labelled WOEDGH FIOHO (gained 1)
You see here a +0 sling.
You see here a +0 sling.
You see here a +0 sling.
I - a +0 sling
There are no items here.
Search for what [? for help]? ranged Unknown command.
You open the door.
A hound comes into view.
The hound barks!
The hound pauses to sniff the ground.
There is an open door here.
Unknown command.
You slash the hound!
The hound is almost dead.
The hound bites you but does no damage.
You closely miss the hound.
The hound is almost dead.
The hound bites you but does no damage.
You hit the hound.
You kill the hound!
Beogh accepts your kill.
A bullfrog comes into view.
Found a stone staircase leading down.
The bullfrog croaks.
An orc comes into view. It is wielding a +0 flail.
The bullfrog moves out of view.
The orc shouts!
You hear an angry hiss.
There are no items here.
You close the door.
The bullfrog barely misses you.
You closely miss the bullfrog. You block the bullfrog's attack.
You hit the bullfrog.
The bullfrog is moderately wounded.
The bullfrog hits you but does no damage.
You hit the bullfrog.
The bullfrog is heavily wounded.
The bullfrog hits you.
You hit the bullfrog.
The bullfrog is severely wounded.
You block the bullfrog's attack. The bullfrog hits you.
You barely miss the bullfrog.
The bullfrog is severely wounded.
The bullfrog hits you.
You hit the bullfrog.
The bullfrog is almost dead.
The bullfrog closely misses you.
You hit the bullfrog.
You kill the bullfrog!
Beogh accepts your kill.
Your life force feels restored.
You slash the orc!
You kill the orc!
Beogh accepts your kill.
No target in view!
No target in view!
No target in view!
No target in view!
No target in view!
Things that are here:
a +0 flail; an orc corpse; a bullfrog corpse HP restored.
Found 10 gold pieces.
An iguana comes into view.
An iguana is nearby!
Found a book of Blood.
The iguana hisses angrily.
The iguana hisses menacingly.
You swing at nothing.
You swing at nothing.
You swing at nothing.
You swing at nothing.
You swing at nothing.
You barely miss the iguana. The iguana bites you!
You barely miss the iguana. The iguana bites you!
You hit the iguana.
The iguana is moderately wounded.
The iguana bites you.
You closely miss the iguana.
The iguana is moderately wounded.
You slash the iguana!
You kill the iguana!
Beogh accepts your kill.
Your Fighting skill increases to level 6!
You swing at nothing.
You swing at nothing.
You start resting.
Magic restored.
You see here an iguana corpse.
Found 5 stones.
There is a stone staircase leading down here.
You now have 328 gold pieces (gained 10).
You pick up a book of Blood and begin reading...
You add the spells Sublimation of Blood, Wereblood and Summon Hydra to your library.
There is a stone staircase leading down here.
You climb downwards.
Found 5 stones.
There is a stone staircase leading up here.
The white imp gestures at you. The puff of frost hits you!
The white imp gestures at you. The puff of frost hits you.
The white imp gestures at you.
The puff of frost hits you but does no damage.
A scorpion comes into view.
The white imp hits you. The white imp freezes you.
You slash the white imp!
The white imp is almost dead.
The white imp hits you. The white imp freezes you.
You slash the white imp!
You kill the white imp!
Beogh accepts your kill.
You hit the scorpion.
The scorpion is moderately wounded.
You block the scorpion's attack.
You closely miss the scorpion.
The scorpion is moderately wounded.
The scorpion stings you.
You closely miss the scorpion.
The scorpion is moderately wounded.
The scorpion stings you but does no damage.
You hit the scorpion.
The scorpion is moderately wounded.
You block the scorpion's attack.
You hit the scorpion.
The scorpion is severely wounded.
You block the scorpion's attack.
You closely miss the scorpion.
The scorpion is heavily wounded.
The scorpion stings you.
You barely miss the scorpion.
The scorpion is heavily wounded.
You block the scorpion's attack.
You barely miss the scorpion.
The scorpion is heavily wounded.
The scorpion stings you but does no damage.
You closely miss the scorpion.
The scorpion is heavily wounded.
The scorpion stings you but does no damage.
You slash the scorpion!
You kill the scorpion!
Beogh accepts your kill.
Your Invocations skill increases to level 3!
No target in view!
No target in view!
There is a stone staircase leading up here.
You start resting.
HP restored.
You climb upwards.
There is a stone staircase leading down here.
An iguana comes into view.
A kobold brigand and a kobold come into view.
The kobold brigand is wielding a +0 dagger and quivering poisoned darts.
The kobold moves out of view.
You hit the iguana but do no damage.
A kobold and a gnoll come into view.
The kobold shouts!
The gnoll shouts!
You hear a shout!
You hear an angry hiss.
You hear a shout!
A gnoll bouda comes into view.
It is wielding a +0 whip and wearing a +2 robe of fire resistance.
You hear a shout!
The gnoll bouda shouts!
You hear a shout!
A gnoll comes into view. It is wielding a +0 spear.
The gnoll shouts!
You block the iguana's attack.
There is a stone staircase leading down here.
The iguana attacks as you move away! The iguana bites you!
The iguana attacks as you move away! You block the iguana's attack.
The iguana attacks as you move away! The iguana bites you!
You see here an iguana corpse.
The iguana attacks as you move away! The iguana bites you.
The iguana hisses menacingly.
You hit the iguana.
The iguana is lightly wounded.
The iguana closely misses you.
You hit the iguana.
The iguana is heavily wounded.
The iguana closely misses you.
The gnoll bouda barks out a call to the hunt!
The gnolls pick up the pace!
You hit the iguana.
The iguana is heavily wounded.
The iguana bites you but does no damage.
You slash the iguana!
You kill the iguana!
Beogh accepts your kill.
You closely miss the kobold. The kobold hits you but does no damage.
You slash the kobold!
You kill the kobold!
Beogh accepts your kill. The gnoll hits you but does no damage.
A gnoll comes into view. It is wielding a +0 club.
A gnoll comes into view. It is wielding a +0 club.
The gnoll shouts!
A gnoll comes into view. It is wielding a +0 spear.
You block the gnoll's attack.
Things that are here:
a +0 club; a kobold corpse; an iguana corpse The gnoll shouts!
You hit the gnoll.
The gnoll is moderately wounded.
You slash the gnoll!
The gnoll is severely wounded.
You block the gnoll's attack.
You slash the gnoll!
You kill the gnoll!
Beogh accepts your kill.
You closely miss the gnoll. The gnoll hits you with a +0 whip.
You slash the gnoll!
The gnoll is heavily wounded.
The gnoll barely misses you.
You slash the gnoll!
You kill the gnoll!
Beogh accepts your kill. You block the kobold's attack.
Items here: )) †††.
You hit the kobold.
You kill the kobold!
Beogh accepts your kill.
The gnoll bouda gazes fiercely through you!
You feel your attacks grow feeble.
You closely miss the gnoll bouda. The gnoll bouda barely misses you.
You hit the gnoll bouda.
The gnoll bouda is moderately wounded.
The gnoll is no longer moving quickly.
The gnoll bouda barely misses you.
You barely miss the gnoll bouda.
The gnoll bouda is moderately wounded.
The gnoll bouda gazes fiercely through you!
You feel as though you will be weak longer.
The gnoll bouda hits you but does no damage.
You completely miss the gnoll bouda.
The gnoll bouda is moderately wounded.
You block the gnoll bouda's attack.
You closely miss the gnoll bouda.
The gnoll bouda is moderately wounded.
The gnoll is no longer moving quickly.
You hit the gnoll bouda but do no damage.
The gnoll bouda is moderately wounded.
The gnoll bouda barks out a call to the hunt!
The gnolls pick up the pace!
You hit the gnoll bouda.
The gnoll bouda is heavily wounded.
The gnoll bouda hits you with a +0 whip.
You barely miss the gnoll bouda.
The gnoll bouda is heavily wounded.
The gnoll bouda gazes fiercely through you!
You feel as though you will be weak longer.
The gnoll bouda hits you with a +0 whip.
You closely miss the gnoll bouda.
The gnoll bouda is heavily wounded.
The gnoll bouda completely misses you.
You hit the gnoll bouda.
The gnoll bouda is severely wounded.
The gnoll bouda barks out a call to the hunt!
You slash the gnoll bouda!
You kill the gnoll bouda!
Beogh accepts your kill.
Beogh appreciates your killing of a heretic priest.
You hit the gnoll.
The gnoll is lightly wounded.
The gnoll hits you but does no damage. x2
You slash the gnoll!
The gnoll is severely wounded.
The gnoll hits you but does no damage. You block the gnoll's attack.
You hit the gnoll.
The gnoll is almost dead.
The gnoll hits you with a +0 club.
The gnoll hits you from afar with a +0 spear.
You hit the gnoll.
You kill the gnoll!
Beogh accepts your kill.
You hit the kobold brigand.
The kobold brigand is lightly wounded.
The gnoll hits you from afar with a +0 spear.
The kobold brigand hits you but does no damage.
You hit the kobold brigand.
The kobold brigand is lightly wounded.
The gnoll hits you from afar with a +0 spear.
You barely miss the kobold brigand.
The kobold brigand is lightly wounded.
The kobold brigand hits you with a +0 dagger!
The gnoll hits you from afar with a +0 spear.
You are too injured to fight recklessly!
You are too injured to fight recklessly!
You are too injured to fight recklessly!
You are too injured to fight recklessly!
You are too injured to fight recklessly!
You are too injured to fight recklessly!
You are too injured to fight recklessly!
You are too injured to fight recklessly!
You are too injured to fight recklessly!
You are too injured to fight recklessly!
You are too injured to fight recklessly!
You are too injured to fight recklessly!
You are too injured to fight recklessly!
You are too injured to fight recklessly!
You are too injured to fight recklessly!
You are too injured to fight recklessly!
You are too injured to fight recklessly!
You are too injured to fight recklessly!
You are too injured to fight recklessly!
You miss the kobold brigand.
The kobold brigand is lightly wounded.
A gnoll sergeant comes into view. It is wielding a +5 vorpal spear.
The kobold brigand barely misses you. You block the gnoll's attack.
You barely miss the kobold brigand.
The kobold brigand is lightly wounded.
The gnoll sergeant shouts!
You hear a shout!
The kobold brigand hits you with a +0 dagger.
You hit the kobold brigand.
The kobold brigand is moderately wounded.
Your attacks no longer feel as feeble.
The gnoll closely misses you.
The kobold brigand hits you with a +0 dagger.
You slash the kobold brigand!
The kobold brigand is heavily wounded.
The gnoll barely misses you.
You hit the kobold brigand.
The kobold brigand is severely wounded.
The kobold brigand hits you with a +0 dagger.
The gnoll hits you from afar with a +0 spear.
You slash the kobold brigand!
You kill the kobold brigand!
Beogh accepts your kill. The gnoll closely misses you.
Things that are here:
a +0 club; a kobold corpse; an iguana corpse The gnoll misses you.
The gnoll is no longer moving quickly.
Aiming: Charm
Press: ? - help, Shift-Dir - straight line, f - gnoll
Aim: a gnoll, wielding a +0 club (covering ground quickly, chance to affect: 57%)
The gnoll is charmed.
Your gnoll is no longer moving quickly.
The gnoll barely misses your gnoll. What are your orders? t - Shout!
Orders for allies: a - Attack new target. p - Attack previous target. r - Retreat! s - Stop attacking. g - Guard the area. f - Follow me.
Anything else - Cancel.
Gang up on whom?
Press: ? - help, Dir - move target, f - gnoll, p - gnoll
Aim: a gnoll, wielding a +0 spear Attack!
Your gnoll closely misses the gnoll.
The gnoll misses your gnoll.
Your gnoll hits the gnoll with a +0 club.
Things that are here:
a +0 flail; an orc corpse; a bullfrog corpse The gnoll hits your gnoll with a +0 spear.
Your gnoll barely misses the gnoll.
The gnoll hits your gnoll with a +0 spear!
Your gnoll dies!
You open the door.
Aiming: Charm
Press: ? - help, Shift-Dir - straight line, f/p - gnoll
Aim: a gnoll, wielding a +0 spear (heavily wounded, chance to affect: 57%)
The gnoll resists with significant effort.
Aiming: Charm
Press: ? - help, Shift-Dir - straight line, f/p - gnoll
Aim: a gnoll, wielding a +0 spear (heavily wounded, chance to affect: 57%)
The gnoll is charmed.
A gnoll comes into view. It is wielding a +0 whip.
What are your orders? t - Shout!
Orders for allies: a - Attack new target. p - Attack previous target. r - Retreat! s - Stop attacking. g - Guard the area. f - Follow me.
Anything else - Cancel.
Gang up on whom?
Press: ? - help, Dir - move target, f - gnoll sergeant, p - gnoll
Aim: a gnoll sergeant, wielding a +5 vorpal spear, wearing a +0 chain mail and wearing a +0 kite shield Attack!
Your gnoll hits the gnoll sergeant with a +0 spear.
You block the gnoll sergeant's attack.
Your gnoll barely misses something.
Something hits your gnoll!
Your gnoll dies!
There is an open door here.
Press: ? - help, v - describe, . - travel
Here: a gnoll sergeant, wielding a +5 vorpal spear, wearing a +0 chain mail and wearing a +0 kite shield (lightly wounded)
The floor.
Okay, then.
An iguana comes into view.
The iguana hisses angrily. 2 gnolls come into view.
The gnoll shouts! x2
The gnoll throws a throwing net.
The throwing net barely misses you.
There is a stone staircase leading down, spattered with blood here.
You climb downwards.
There is a stone staircase leading up here.
Found 2 stones.
Found a stone staircase leading down.
Found a longbow.
You see here 2 stones.
Found a stone staircase leading down.
A wyvern comes into view.
The wyvern hisses angrily.
Aiming: Throw Flame
Press: ? - help, Shift-Dir - straight line, f - wyvern
Aim: a wyvern (68% to hit)
The puff of flame hits the wyvern.
The wyvern is lightly wounded.
Aiming: Throw Flame
Press: ? - help, Shift-Dir - straight line, f/p - wyvern
Aim: a wyvern (lightly wounded, 68% to hit)
The puff of flame hits the wyvern!
The wyvern is moderately wounded.
Aiming: Throw Flame
Press: ? - help, Shift-Dir - straight line, f/p - wyvern
Aim: a wyvern (moderately wounded, 68% to hit)
The puff of flame hits the wyvern!
The wyvern is severely wounded.
You hit the wyvern.
The wyvern is severely wounded.
You block the wyvern's attack.
You hit the wyvern.
The wyvern is severely wounded.
The wyvern barely misses you. The wyvern closely misses you.
You hit the wyvern.
The wyvern is almost dead.
The wyvern closely misses you.
You closely miss the wyvern.
The wyvern is almost dead.
The wyvern bites you.
You hit the wyvern.
You kill the wyvern!
Beogh accepts your kill.
You have reached level 9!
Your experience leads to an increase in your attributes!
Increase (S)trength, (I)ntelligence, or (D)exterity?
You feel stronger. x2
z - a ring of see invisible (left hand)
Found a glowing granite ring.
Found 2 stones.
An ufetubus and a sky beast come into view.
The ufetubus shouts!
You hear a shout!
The sky beast flickers out of sight for a moment.
The sky beast moves out of view.
An ufetubus comes into view.
You slash the ufetubus!
You kill the ufetubus!
Beogh accepts your kill.
You swing at nothing.
You hit the ufetubus.
The ufetubus is severely wounded.
The ufetubus hits you but does no damage.
The ufetubus hits you.
You closely miss the ufetubus.
The ufetubus is severely wounded.
The ufetubus closely misses you. The ufetubus barely misses you.
The sky beast flickers out of sight for a moment.
You block the ufetubus's attack. The ufetubus hits you.
You slash the ufetubus!
You kill the ufetubus!
Beogh accepts your kill.
You completely miss the sky beast. You closely miss the sky beast.
The sky beast hits you but does no damage.
You closely miss the sky beast.
The sky beast flickers out of sight for a moment.
The sky beast hits you but does no damage.
You barely miss the sky beast. You block the sky beast's attack.
You hit the sky beast.
The sky beast is moderately wounded.
You slash the sky beast!
The sky beast is severely wounded.
The sky beast hits you but does no damage.
You barely miss the sky beast.
The sky beast is severely wounded.
The sky beast hits you but does no damage.
You closely miss the sky beast.
The sky beast is severely wounded.
The sky beast hits you. The sky beast shocks you.
You slash the sky beast!
You kill the sky beast!
Beogh accepts your kill.
Your Armour skill increases to level 6!
Your Invocations skill increases to level 4!
You swing at nothing.
You see here a sky beast corpse.
A jelly comes into view.
The jelly quivers.
You swing at nothing.
You slash the jelly!
Your hands burn!
The jelly is heavily wounded.
The jelly barely misses you.
You hit the jelly.
Your hands burn!
The jelly is severely wounded.
The jelly closely misses you.
You barely miss the jelly.
The jelly is severely wounded.
You slash the jelly!
You kill the jelly!
Beogh accepts your kill.
You can now smite your foes.
You swing at nothing.
Found 6 stones and a scroll labelled JIDEASOPTY.
J - a ring of protection from fire
J - a ring of protection from fire (right hand)
Found a stone staircase leading up.
l - 2 scrolls labelled JIDEASOPTY (gained 1)
Okay, then.
A wyvern comes into view.
A scorpion comes into view.
The wyvern hisses angrily.
Aiming: Throw Flame
Press: ? - help, Shift-Dir - straight line, f - wyvern
Aim: a wyvern (68% to hit)
The puff of flame misses the wyvern.
Aiming: Throw Flame
Press: ? - help, Shift-Dir - straight line, f/p - wyvern
Aim: a wyvern (68% to hit)
The puff of flame hits the wyvern.
The wyvern is lightly wounded.
Aiming: Throw Flame
Press: ? - help, Shift-Dir - straight line, f/p - wyvern
Aim: a wyvern (lightly wounded, 68% to hit)
The puff of flame misses the wyvern.
You hit the wyvern.
The wyvern is moderately wounded.
The wyvern bites you!
You hit the wyvern.
The wyvern is heavily wounded.
The wyvern bites you!
You closely miss the wyvern.
The wyvern is heavily wounded.
You hit the scorpion but do no damage. The wyvern bites you.
The wyvern bites you!
You closely miss the wyvern.
The wyvern is heavily wounded.
You barely miss the scorpion. You block the scorpion's attack.
The wyvern bites you!
* * * LOW HITPOINT WARNING * * *
You slash the wyvern!
The wyvern is severely wounded.
You hit the scorpion but do no damage. The scorpion closely misses you.
The wyvern closely misses you.
You feel very mighty all of a sudden.
The scorpion stings you but does no damage.
You block the wyvern's attack.
You barely miss the wyvern.
The wyvern is severely wounded.
You slash the scorpion! The wyvern completely misses you.
The scorpion stings you.
* * * LOW HITPOINT WARNING * * *
You are poisoned.
The scorpion poisons you!
The wyvern bites you but does no damage.
You slash the wyvern!
You kill the wyvern!
Beogh accepts your kill.
You closely miss the scorpion.
You feel sick. You block the scorpion's attack.
Your Shields skill increases to level 5!
You slash the scorpion!
You kill the scorpion!
Beogh accepts your kill.
You feel sick.
You start resting.
You feel sick. x7
You are no longer poisoned.
You start resting.
You feel a little less mighty now.
You start resting.
HP restored.
There is a stone staircase leading up here.
You climb upwards.
There is a stone staircase leading down here.
You open the door.
Found 2 stones.
There is an open door here.
Found 15 gold pieces.
You now have 343 gold pieces (gained 15).
The gnoll shouts!
You see here 2 stones.
You swing at nothing.
You swing at nothing.
You swing at nothing.
You swing at nothing.
You swing at nothing.
You swing at nothing.
You swing at nothing.
You swing at nothing.
You completely miss the gnoll. The gnoll hits you but does no damage.
You hit the gnoll.
The gnoll is lightly wounded.
The gnoll misses you.
You hit the gnoll but do no damage.
The gnoll is lightly wounded.
The gnoll hits you but does no damage.
You slash the gnoll!
The gnoll is severely wounded.
You slash the gnoll!
You kill the gnoll!
Beogh accepts your kill.
You swing at nothing.
You swing at nothing.
Things that are here:
a +0 whip; a gnoll corpse You see here 2 stones.
The gnoll shouts!
You start waiting.
A gnoll is nearby!
You hit the gnoll.
The gnoll is moderately wounded.
The gnoll closely misses you.
You slash the gnoll!
You kill the gnoll!
Beogh accepts your kill.
No target in view!
No target in view!
Things that are here:
a +0 flail; a +0 scale mail; a gnoll corpse Throw: 8 darts (poison)
Press: ? - help, Q - select action, (/) - cycle Shift-Dir - straight line, f - gnoll sergeant
Aim: a gnoll sergeant, wielding a +5 vorpal spear, wearing a +0 chain mail and wearing a +0 kite shield (wandering, hasn't noticed you, 74% to hit)
You throw a poisoned dart.
The poisoned dart barely misses the gnoll sergeant.
The gnoll sergeant shouts!
Throw: 7 darts (poison)
Press: ? - help, Q - select action, (/) - cycle Shift-Dir - straight line, f/p - gnoll sergeant
Aim: a gnoll sergeant, wielding a +5 vorpal spear, wearing a +0 chain mail and wearing a +0 kite shield (74% to hit)
You throw a poisoned dart.
The poisoned dart hits the gnoll sergeant.
Throw: 6 darts (poison)
Press: ? - help, Q - select action, (/) - cycle Shift-Dir - straight line, f/p - gnoll sergeant
Aim: a gnoll sergeant, wielding a +5 vorpal spear, wearing a +0 chain mail and wearing a +0 kite shield (74% to hit)
You throw a poisoned dart.
The gnoll sergeant blocks the poisoned dart.
Things that are here:
a +0 flail; a +0 scale mail; a gnoll corpse You see here 2 stones.
Things that are here:
a +0 whip; a gnoll corpse Throw: 5 darts (poison)
Press: ? - help, Q - select action, (/) - cycle Shift-Dir - straight line, f/p - gnoll sergeant
Aim: a gnoll sergeant, wielding a +5 vorpal spear, wearing a +0 chain mail and wearing a +0 kite shield (74% to hit)
You throw a poisoned dart.
The poisoned dart hits the gnoll sergeant.
Okay, then.
Unknown command.
Throw: 4 darts (poison)
Press: ? - help, Q - select action, (/) - cycle Shift-Dir - straight line, f/p - gnoll sergeant
Aim: a gnoll sergeant, wielding a +5 vorpal spear, wearing a +0 chain mail and wearing a +0 kite shield (74% to hit)
You throw a poisoned dart.
The poisoned dart hits the gnoll sergeant.
There is an open door here.
There is a stone staircase leading down here.
Aiming: Iceblast
Press: ? - help, Shift-Dir - straight line, f/p - gnoll sergeant
Aim: a gnoll sergeant, wielding a +5 vorpal spear, wearing a +0 chain mail and wearing a +0 kite shield
Okay, then.
Okay, then.
Aiming: Iceblast
Press: ? - help, Shift-Dir - straight line, f/p - gnoll sergeant
Aim: a gnoll sergeant, wielding a +5 vorpal spear, wearing a +0 chain mail and wearing a +0 kite shield The mass of ice explodes!
The iceblast engulfs the gnoll sergeant.
The gnoll sergeant is lightly wounded.
You hear a shout!
You hear an angry hiss.
The gnoll sergeant hits you from afar with a +5 vorpal spear.
The gnoll sergeant hits you from afar with a +5 vorpal spear!
You climb downwards.
There is a stone staircase leading up here.
HP restored.
Found a stone staircase leading down.
K - a scroll labelled VUROFFEMAYD A hornet comes into view.
A hornet is nearby!
A hornet is nearby!
Aiming: Iceblast
Press: ? - help, Shift-Dir - straight line, f - hornet
Aim: a hornet The mass of ice explodes!
The iceblast engulfs the hornet!
The hornet is moderately wounded.
Aiming: Iceblast
Press: ? - help, Shift-Dir - straight line, f/p - hornet
Aim: a hornet (moderately wounded)
The mass of ice explodes!
The iceblast engulfs the hornet!
The hornet is severely wounded.
You hit the hornet.
The hornet is almost dead.
The hornet stings you!
You feel yourself slow down.
You slash the hornet!
You kill the hornet!
Beogh accepts your kill.
Your Axes skill increases to level 11!
You feel yourself speed up.
There is a stone staircase leading up here.
You start resting.
HP restored.
Unknown command.
You climb upwards.
There is a stone staircase leading down here.
Found 18 gold pieces.
The eight-headed hydra roars!
Okay, then.
Okay, then.
Okay, then.
Okay, then.
Aiming: Charm
Press: ? - help, Shift-Dir - straight line, f - eight-headed hydra
Aim: an eight-headed hydra (chance to affect: 17%)
Okay, then.
Okay, then.
Aiming: Iceblast
Press: ? - help, Shift-Dir - straight line
Okay, then.
The eight-headed hydra attacks as you move away!
The eight-headed hydra bites you but does no damage. x3
The eight-headed hydra bites you!
You block the eight-headed hydra's attack.
The eight-headed hydra bites you. The eight-headed hydra bites you!
The eight-headed hydra bites you.
Aiming: Iceblast
Press: ? - help, Shift-Dir - straight line The mass of ice explodes!
The iceblast engulfs the eight-headed hydra!
The eight-headed hydra is lightly wounded.
You hear a shout!
The eight-headed hydra bites you but does no damage.
You block the eight-headed hydra's attack.
The eight-headed hydra bites you!
The eight-headed hydra bites you but does no damage.
The eight-headed hydra closely misses you. x2
The eight-headed hydra bites you but does no damage.
The eight-headed hydra bites you!
* * * LOW HITPOINT WARNING * * *
Okay, then.
Okay, then.
Okay, then.
Unknown command.
Aiming: Iceblast
Press: ? - help, Shift-Dir - straight line The mass of ice explodes!
The iceblast engulfs the eight-headed hydra!
The eight-headed hydra is moderately wounded.
The eight-headed hydra bites you!
* * * LOW HITPOINT WARNING * * *
The eight-headed hydra barely misses you.
The eight-headed hydra bites you.
* * * LOW HITPOINT WARNING * * *
The eight-headed hydra bites you.
* * * LOW HITPOINT WARNING * * *
The eight-headed hydra bites you!
* * * LOW HITPOINT WARNING * * *
The eight-headed hydra closely misses you.
The eight-headed hydra bites you.
* * * LOW HITPOINT WARNING * * *
You block the eight-headed hydra's attack.
This is a scroll of acquirement!
Something appears at your feet! The eight-headed hydra bites you!
You die...

#....#.#.#####
.#...#..
##....>....... ......
#
#.#####.##.###.#....#.
#.#####.## #.###...#
#.##.....# ##..
#.##.#..# #.######<).
#.#.....##.#.......###
#.#..#.......#.###....
#....@.......#.###....
######D......#........
#.....#.#........
..###.# ######### .#.#
# ........# #.#.#
#..... # ..$
######.##.# ###
###..........
##....#.......


You could see an eight-headed hydra.

Vanquished Creatures
  A hornet (D:7)
  2 wyverns (D:7)
  A black bear (D:5)
  A sky beast (D:7)
  2 phantoms
  A kobold brigand (D:6)
  2 necrophages
  A bullfrog (D:6)
  3 scorpions
  3 wights
  7 hounds
  A jelly (D:7)
  A gnoll bouda (D:6)
  5 iguanas
  Ijyb (D:5)
  2 orc wizards
  6 gnolls
  6 adders
  A white imp (D:7)
  2 ufetubi (D:7)
  5 worms
  6 dart slugs
  15 orcs
  4 ball pythons
  3 bats (D:1)
  12 endoplasms
  3 giant cockroaches
  12 goblins
  8 hobgoblins
  8 jackals
  8 kobolds
  3 quokkas
  A frilled lizard (D:1)
  5 rats
142 creatures vanquished.

Vanquished Creatures (collateral kills)
  2 iguanas (D:6)
2 creatures vanquished.

Vanquished Creatures (others)
  A troll (D:6)
  An orc priest (D:4)
  2 gnolls (D:6)
  A goblin (D:4)
5 creatures vanquished.

Grand Total: 149 creatures vanquished

Notes
Turn   | Place    | Note
-------+----------+-------------------------------------------
     0 | D:1      | Leon the Hill Orc Fighter began the quest for the Orb.
     0 | D:1      | Reached XP level 1. HP: 19/19 MP: 1/1
    34 | D:1      | Reached skill level 3 in Axes
    71 | D:1      | Reached XP level 2. HP: 26/26 MP: 2/2
   169 | D:1      | Reached skill level 4 in Axes
   468 | D:1      | Reached XP level 3. HP: 25/31 MP: 3/3
   784 | D:1      | Reached skill level 5 in Axes
  1470 | D:2      | Reached XP level 4. HP: 39/39 MP: 4/4
  1959 | D:3      | Reached skill level 6 in Axes
  2099 | D:3      | Found a faded altar of an unknown god.
  2325 | D:3      | Reached XP level 5. HP: 45/45 MP: 5/5
  2620 | D:4      | Noticed a phantom
  2709 | D:3      | Reached skill level 7 in Axes
  2756 | D:5      | Entered Level 5 of the Dungeon
  2922 | D:4      | Reached skill level 8 in Axes
  2922 | D:4      | Reached XP level 6. HP: 51/51 MP: 6/6
  3016 | D:4      | Became a worshipper of Beogh the Brigand
  3180 | D:4      | Found a glowing silver altar of Zin.
  3260 | D:4      | Found a staircase to the Ecumenical Temple.
  3280 | D:4      | Reached skill level 9 in Axes
  3281 | D:4      | Found a shadowy altar of Dithmenos.
  3485 | D:5      | Identified the amulet "Jotsoh" {Harm rPois rN+ Regen+ MP-9}
  3594 | D:5      | Reached skill level 4 in Fighting
  3594 | D:5      | Reached XP level 7. HP: 53/59 MP: 7/7
  3676 | D:5      | Reached skill level 4 in Armour
  3752 | D:5      | Found a bloodstained altar of Trog.
  3795 | D:5      | Noticed Ijyb
  3835 | D:5      | Killed Ijyb
  3835 | D:5      | Reached * piety under Beogh
  3982 | D:5      | Reached skill level 5 in Fighting
  3990 | D:5      | Got the Tome of Spatial Blight
  4164 | D:4      | Reached XP level 8. HP: 39/67 MP: 8/8
  4318 | D:5      | Reached skill level 10 in Axes
  4318 | D:5      | Reached skill level 1 in Invocations
  4320 | D:5      | HP: 26/62 [wight/+0 morningstar (13)]
  4412 | D:5      | Reached skill level 5 in Armour
  4597 | D:5      | Found a stormy altar of Qazlal.
  4600 | D:5      | Noticed an air elemental
  4600 | D:5      | Noticed a water elemental
  4621 | D:5      | Found a white marble altar of Elyvilon.
  4664 | D:6      | Reached skill level 2 in Invocations
  4672 | D:6      | Noticed a troll
  4677 | D:6      | Noticed a six-headed hydra
  4826 | D:6      | Reached skill level 4 in Shields
  4984 | D:6      | Reached skill level 6 in Fighting
  5034 | D:7      | Reached skill level 3 in Invocations
  5170 | D:7      | Noticed a wyvern
  5178 | D:7      | Killed a wyvern
  5179 | D:7      | Reached XP level 9. HP: 76/78 MP: 11/11
  5208 | D:7      | Reached skill level 6 in Armour
  5208 | D:7      | Reached skill level 4 in Invocations
  5224 | D:7      | Reached ** piety under Beogh
  5252 | D:7      | HP: 36/78 [wyvern (8)]
  5257 | D:7      | Reached skill level 5 in Shields
  5257 | D:7      | HP: 35/78 [poisoned by a scorpion]
  5262 | D:7      | HP: 35/78 [poisoned by a scorpion]
  5494 | D:7      | Noticed a hornet
  5503 | D:7      | Killed a hornet
  5504 | D:7      | Reached skill level 11 in Axes
  5528 | D:6      | HP: 36/78 [eight-headed hydra (13)]
  5529 | D:6      | HP: 12/78 [eight-headed hydra (7)]
  5530 | D:6      | Identified a scroll of acquirement
  5530 | D:6      | Acquired an amulet of faith
  5530 | D:6      | Slain by an eight-headed hydra

Illustrated notes

Levels and vault maps discovered:
D:1:      onia_arrival_pyramid, layout_basic
D:2:      layout_rooms
D:3:      layout_basic, hellmonk_ecumenical_altar_crossroads
D:4:      layout_basic, nicolae_dithmenos_shadow_blocks, zin_scriptorium,
          minmay_temple_entry_junction
D:5:      layout_basic, mainiacjoe_overflow_swirl,
          nicolae_qazlal_style_of_elements, uniq_ijyb
D:6:      layout_basic, wad_floor_pattern_2, minmay_manual_mess
D:7:      layout_cave_pools

Skill      XL: |  1  2  3  4  5  6  7  8  9 |
---------------+----------------------------+-----
Axes           | 3 4 5 6 8 9 10 11 | 11.0
Fighting       | 4 5 6 |  6.9
Armour         | 4 5 6 |  6.3
Invocations    | 3 4 |  4.7
Shields        | 4 5 |  5.3

Action                   |  1- 3 |  4- 6 |  7- 9 || total
-------------------------+-------+-------+-------++-------
Melee: War axe           |    12 |    81 |    57 ||   150
       Whip              |   107 |   120 |    23 ||   250
       Hand axe          |       |       |   169 ||   169
Throw: Boomerang         |       |     4 |     3 ||     7
       Dart              |       |       |     5 ||     5
Invok: Convert to Beogh  |       |     1 |       ||     1
Evoke: Wand              |       |       |    16 ||    16
  Use: Scroll            |       |       |     1 ||     1
       Potion            |       |       |     1 ||     1
Armor: Scale mail        |    35 |    56 |    74 ||   165
Dodge: Dodged            |    44 |    72 |    71 ||   187
Block: Buckler           |    17 |    26 |    47 ||    90
